 Dungeon Sprint DCSS version 0.26-a0-660-gc07710193c (webtiles) character file.

Game seed: 506481156407485508

2134 Conn the Thaumaturge (level 9, -4/58 HPs)
             Began as an Octopode Hedge Wizard on Oct 8, 2020.
             Was the Champion of Sif Muna.
             Slain by a yak (29 damage)
             ... in the Dungeon (Sprint VII: "The Pits").
             The game lasted 00:20:52 (2336 turns).

Conn the Thaumaturge (Octopode Hedge Wizard)        Turns: 2336, Time: 00:20:52

Health: -4/58      AC:  1    Str: 15    XL:     9   Next: 30%
Magic:  0/24       EV: 15    Int: 20    God:    Sif Muna [******]
Gold:   0          SH:  0    Dex: 11    Spells: 5/31 levels left

rFire    . . .     SeeInvis .   t - +2 rapier (distort)
rCold    . . .     Faith    .   (no shield)
rNeg     . . .     Spirit   .   m - +0 hat
rPois    .         Reflect  .   (no amulet)
rElec    .         Harm     .   j - +3 ring of strength
rCorr    .         Rampage  .   o - +3 ring of strength
MR       .....     NoTele   +   (no ring)
Stlth    +++++.....             (no ring)
HPRegen  0.19/turn              (no ring)
MPRegen  0.19/turn              (no ring)
                                (no ring)
                                (no ring)

@: mighty, sleeping, vulnerable, marked
A: almost no armour, stealthy swim, amphibious, 8 rings, constrict 8, camouflage
1, gelatinous body 1
a: Channel Magic, Forget Spell, Divine Exegesis, Renounce Religion


You were in the Dungeon.
You worshipped Sif Muna.
Sif Muna was exalted by your worship.
You visited 1 branch

Inventory:

Hand Weapons
 a - a +2 dagger of electrocution
 b - the +8 mithril axe "Arga" {speed, MR+}
   (You found it in the Dungeon)

   Attacks with this weapon are significantly faster.
   It affects your resistance to hostile enchantments.
 c - a +2 dagger
 n - a +0 dagger
 s - a +1 scimitar of protection
 t - a +2 rapier of distortion (weapon)
Armour
 m - a +0 hat (worn)
Jewellery
 j - a +3 ring of strength (left tentacle)
 o - a +3 ring of strength (right tentacle)
Scrolls
 k - 3 scrolls of remove curse
 l - 5 scrolls of amnesia
Potions
 d - 5 potions of curing
 e - 8 potions of heal wounds
 f - a potion of haste
 g - 4 potions of magic
 h - 3 potions of berserk rage
 q - a potion of stabbing
 r - 3 potions of mutation


   Skills:
 + Level 3.6 Fighting
 + Level 6.1 Short Blades
 + Level 5.3 Dodging
 - Level 9.8 Stealth
 * Level 11.8 Spellcasting
 * Level 7.6 Conjurations
 + Level 0.3 Hexes
 + Level 2.1 Summonings
 * Level 5.0 Translocations
 + Level 0.2 Transmutations
 * Level 5.0 Fire Magic
 + Level 4.7 Air Magic
 - Level 3.0 Poison Magic


You had 5 spell levels left.
You knew the following spells:

 Your Spells              Type           Power        Failure   Level
a - Magic Dart            Conj           ####         1%          1
b - Blink                 Tloc           N/A          1%          2
c - Call Imp              Summ           ###.....     3%          2
d - Conjure Flame         Conj/Fire      #####...     1%          3
e - Mephitic Cloud        Conj/Pois/Air  ####....     1%          3
f - Slow                  Hex            ##......     8%          2
g - Ignite Poison         Fire/Tmut/Pois ###.....     5%          3
h - Iskenderun's Battles  Conj           #####...     7%          5
i - Fireball              Conj/Fire      #####.....   12%         5

Your spell library contained the following spells:

 Spells                   Type           Power        Failure   Level
 Static Discharge         Conj/Air       #####...     1%          3
 Pain                     Necr           ##..         6%          1
 Sublimation of Blood     Necr           ##........   9%          2
 Lightning Bolt           Conj/Air       #####.....   13%         5
 Dispel Undead            Necr           ##......     50%         4
 Summon Mana Viper        Hex/Summ       ###.....     67%         5
 Agony                    Necr           ##......     85%         5
 Monstrous Menagerie      Summ           ###.......   100%        7
 Ignition                 Fire           ####......   100%        8


Dungeon Overview and Level Annotations

Branches:
Dungeon (1/1)

Altars:
Ashenzari
Cheibriados
Dithmenos
Elyvilon
Fedhas
Gozag
Hepliaklqana
Kikubaaqudgha
Makhleb
Nemelex Xobeh
Okawaru
Qazlal
Ru
Sif Muna
Trog
Uskayaw
Vehumet
Wu Jian
Xom
Yredelemnul
Zin
The Shining One
Beogh
Jiyva
Lugonu

Annotations:
D Harold


Innate Abilities, Weirdness & Mutations

You cannot wear most types of armour.
You are very stealthy in the water. (Stealth+)
You are amphibious.
You can wear up to eight rings at the same time.
You can use your tentacles to constrict eight enemies at once.
Your skin changes colour to match your surroundings (Stealth+).
Your rubbery body absorbs attacks. (AC +1, EV +1)


Message History

The yak is engulfed in noxious fumes.
The yak appears confused.
Unknown command.
Casting: Blink (safe; 1% risk of failure)
Confirm with . or Enter, or press ? or * to list all spells.
You blink.
A dream sheep comes into view.
Harold is engulfed in noxious fumes.
Harold hits the yak with a +0 trident!
The worm is engulfed in noxious fumes.
The worm appears confused.
You kill the worm!
Sif Muna accepts your kill.
The dream sheep shake their wool and sparkle.
You feel drowsy...
You fall asleep.
A dream sheep comes into view.
The yak gores the yak.
The yak barely misses you.
The yak is engulfed in noxious fumes.
The yak appears confused.
The yak completely misses the yak.
Harold barely misses you.
The yak gores the yak!
The yak gores you!!
Ouch! That really hurt!
You die... ..............# #'#####''###### .....##''# ####### .....##..# YY... .[...##..# H.H

.<...##..#### #+#
.....##..#..#####.##
.....##.รท#....##...#
.....##..'.....#@..#
#######..'.....WY@.+
#######..'.....#YY.#
#..[[##..#....##Y.Y#
#..[[##..#..#####i##
'..))##..#### #'#
#...)##..##rYYs..Yr.....W
#...)##..#YYYY....YY....#
#########################


You could see Harold (confused), a phantasmal warrior, 4 yaks, a spriggan, 3
dream sheep and a rat.

Vanquished Creatures
  A black mamba (D)
  A rime drake (D)
  A guardian mummy (D)
  A dream sheep (D)
  A snapping turtle (D)
  A fire elemental (D)
  A water moccasin (D)
  A floating eye (D)
  A wolf (D)
  9 wights (D)
  A quasit (D)
  2 orc priests (D)
  2 iron imps (D)
  A worker ant (D)
  2 gnolls (D)
  A river rat (D)
  A worm (D)
  A leopard gecko (D)
  An orc (D)
  A ball python (D)
  3 giant cockroaches (D)
  A hobgoblin (D)
  4 jackals (D)
  A quokka (D)
  A quokka zombie (D)
41 creatures vanquished.

Vanquished Creatures (collateral kills)
  A gnoll sergeant (D)
  A wight (D)
  A gnoll (D)
3 creatures vanquished.

Grand Total: 44 creatures vanquished

Notes
Turn   | Place    | Note
-------+----------+-------------------------------------------
     0 | D        | Conn the Octopode Hedge Wizard began the quest for the Orb.
     0 | D        | Reached XP level 1. HP: 11/11 MP: 4/4
    83 | D        | Found a glowing golden altar of the Shining One.
    83 | D        | Found a glowing silver altar of Zin.
    83 | D        | Found a basalt altar of Yredelemnul.
    83 | D        | Found a shimmering altar of Xom.
    83 | D        | Found an ornate altar of the Wu Jian Council.
    83 | D        | Found a bloodstained altar of Trog.
    83 | D        | Found a shimmering blue altar of Sif Muna.
    83 | D        | Found a sacrificial altar of Ru.
    83 | D        | Found a stormy altar of Qazlal.
    83 | D        | Found an iron altar of Okawaru.
    83 | D        | Found a sparkling altar of Nemelex Xobeh.
    83 | D        | Found a burning altar of Makhleb.
    83 | D        | Found a viscous altar of Jiyva.
    83 | D        | Found a hazy altar of Hepliaklqana.
    83 | D        | Found an opulent altar of Gozag.
    83 | D        | Found a blossoming altar of Fedhas.
    83 | D        | Found a white marble altar of Elyvilon.
    83 | D        | Found a shadowy altar of Dithmenos.
    83 | D        | Found a snail-covered altar of Cheibriados.
    84 | D        | Found a radiant altar of Vehumet.
    84 | D        | Found a corrupted altar of Lugonu.
    84 | D        | Found a roughly hewn altar of Beogh.
    85 | D        | Found an ancient bone altar of Kikubaaqudgha.
    85 | D        | Found a hide-covered altar of Uskayaw.
    85 | D        | Found a broken altar of Ashenzari.
    86 | D        | Became a worshipper of Sif Muna the Loreminder
   103 | D        | Reached * piety under Sif Muna
   103 | D        | Reached skill level 4 in Spellcasting
   106 | D        | Reached XP level 2. HP: 14/17 MP: 7/7
   119 | D        | Reached ** piety under Sif Muna
   306 | D        | Noticed a floating eye
   309 | D        | Reached skill level 5 in Spellcasting
   309 | D        | Reached XP level 3. HP: 13/21 MP: 8/10
   315 | D        | Paralysed by a floating eye for 3 turns
   319 | D        | Killed a floating eye
   319 | D        | Reached skill level 7 in Spellcasting
   319 | D        | Reached XP level 4. HP: 18/27 MP: 9/13
   319 | D        | Reached XP level 5. HP: 22/32 MP: 10/15
   323 | D        | Reached *** piety under Sif Muna
   329 | D        | Reached skill level 8 in Spellcasting
   478 | D        | Reached **** piety under Sif Muna
   487 | D        | Reached XP level 6. HP: 37/37 MP: 17/17
   491 | D        | Reached skill level 9 in Spellcasting
   504 | D        | Reached skill level 1 in Fighting
   507 | D        | Reached ***** piety under Sif Muna
   535 | D        | Identified Eghil's Collected Works on Necromancy (Sif Muna
                  | gifted it to you in the Dungeon)
   535 | D        | Received a gift from Sif Muna
   612 | D        | Reached skill level 5 in Conjurations
   702 | D        | Learned a level 2 spell: Blink
   705 | D        | Learned a level 2 spell: Call Imp
   709 | D        | Learned a level 3 spell: Conjure Flame
   713 | D        | Learned a level 3 spell: Mephitic Cloud
   716 | D        | Learned a level 2 spell: Slow
   727 | D        | Reached skill level 10 in Spellcasting
   866 | D        | Reached XP level 7. HP: 43/43 MP: 20/20
   910 | D        | Reached skill level 1 in Fire Magic
   910 | D        | Reached skill level 1 in Air Magic
   910 | D        | Reached skill level 1 in Poison Magic
  1116 | D        | Noticed a guardian mummy
  1118 | D        | Killed a guardian mummy
  1135 | D        | Identified Sif Muna's Papyrus of Harmful Heat (Sif Muna
                  | gifted it to you in the Dungeon)
  1135 | D        | Received a gift from Sif Muna
  1141 | D        | Reached XP level 8. HP: 37/50 MP: 19/22
  1152 | D        | Learned a level 3 spell: Ignite Poison
  1158 | D        | Learned a level 5 spell: Iskenderun's Battlesphere
  1164 | D        | Learned a level 5 spell: Fireball
  1523 | D        | Noticed a rime drake
  1529 | D        | Reached skill level 5 in Short Blades
  1534 | D        | Killed a rime drake
  1534 | D        | Identified Erebouqo's Papyrus of the Birds and Companions
                  | (Sif Muna gifted it to you in the Dungeon)
  1534 | D        | Received a gift from Sif Muna
  1534 | D        | Reached skill level 5 in Dodging
  1534 | D        | Reached skill level 11 in Spellcasting
  1551 | D        | Found the +8 mithril axe "Arga" {speed, MR+}
  1743 | D        | Noticed a snapping turtle
  1743 | D        | Noticed a black mamba
  1991 | D        | Killed a black mamba
  1991 | D        | Reached XP level 9. HP: 35/57 MP: 14/24
  2138 | D        | Reached ****** piety under Sif Muna
  2288 | D        | Noticed a harpy
  2288 | D        | Noticed a harpy
  2297 | D        | Noticed a phantasmal warrior
  2312 | D        | Noticed Harold
  2328 | D        | Reached skill level 5 in Translocations
  2328 | D        | Reached skill level 5 in Fire Magic
  2336 | D        | Slain by a yak

Illustrated notes

Levels and vault maps discovered:
D:        pitsprint [storerooms_1, entrance_room_1, metal_vault_1, armoury_1,
          mini_pit_1, grid_room_1, main_hall_1, silver_pit, the_coven_2,
          the_vestibule_1, steel_vault_2, golden_pit, hallway_of_sentries,
          crystal_vault_4, iron_vault_4, final_vault]

Skill      XL: |  1  2  3  4  5  6  7  8  9 |
---------------+----------------------------+-----
Stealth        | 3 4 6 8 9 |  9.8
Spellcasting   | 4 5 7 8 10 11 | 11.8
Short Blades   | 2 4 6 |  6.1
Dodging        | 3 4 5 |  5.3
Conjurations   | 3 4 5 6 7 |  7.6
Fighting       | 1 2 3 |  3.6
Fire Magic     | 2 4 5 |  5.0
Air Magic      | 2 4 |  4.7
Poison Magic   | 3 |  3.0
Translocations | 2 4 5 |  5.0
Summonings     | 2 |  2.1
Hexes          | |  0.3
Transmutations | |  0.2

Action                   |  1- 3 |  4- 6 |  7- 9 || total
-------------------------+-------+-------+-------++-------
Melee: Dagger            |    17 |    29 |    34 ||    80
       Constrict         |     6 |     7 |     6 ||    19
       Tentacles         |     1 |     6 |     3 ||    10
       Rapier            |       |       |     1 ||     1
 Cast: Magic Dart        |     3 |    23 |    30 ||    56
       Call Imp          |       |       |     2 ||     2
       Mephitic Cloud    |       |       |     8 ||     8
       Blink             |       |       |     5 ||     5
       Iskenderun's Batt |       |       |     5 ||     5
       Ignite Poison     |       |       |     2 ||     2
       Slow              |       |       |     1 ||     1
  Use: Potion            |     1 |       |     6 ||     7
       Scroll            |       |     1 |     1 ||     2
 Stab: Sleeping          |     5 |     1 |     8 ||    14
Armor: Skin              |     1 |     2 |       ||     3
Dodge: Dodged            |     5 |    27 |    23 ||    55

Table legend: (Time is in decaauts)
 A = Elapsed time spent in this place.
 B = Non-inter-level travel time spent in this place.
 C = Inter-level travel time spent in this place.
 D = Time resting spent in this place.
 E = Time spent auto-exploring this place.
 F = Levels seen in this place.
 G = Mean time per level.
                   A        B        C        D        E       F      G
               +--------+--------+--------+--------+--------+-----+--------+
         Total |   2324 |   2324 |      0 |   1470 |     23 |   1 | 2324.0 |
       Dungeon |   2324 |   2324 |      0 |   1470 |     23 |   1 | 2324.0 |
               +--------+--------+--------+--------+--------+-----+--------+

Top non-repeatable levels by time:
       D: 2324 daAuts
